 Dungeon Crawl Stone Soup version 0.31-a0-426-g3a05650e59 (webtiles) character file.

Game seed: 6452842454438721859

730 zero the Thaumaturge (level 7, 0/36 HPs)
             Began as a Deep Elf Necromancer on July 29, 2023.
             Succumbed to a kobold brigand's curare-tipped dart
             ... on level 5 of the Dungeon on July 30, 2023.
             The game lasted 00:05:41 (4637 turns).

zero the Thaumaturge (Deep Elf Necromancer)         Turns: 4637, Time: 00:05:42

Health: 0/36       AC:  6    Str: 11    XL:     7   Next: 44%
Magic:  21/21      EV: 13    Int: 22    God:
Gold:   189        SH:  0    Dex: 15    Spells: 19/24 levels left

rFire   . . .        m - +2 dagger (venom)
rCold   . . .        (no shield)
rNeg    . . .        a - +0 robe
rPois   .            e - +1 helmet
rElec   .            (no cloak)
rCorr   .            k - +1 pair of gloves
SInv    .            (no boots)
Will    .....        (no amulet)
Stlth   +++          s - +6 ring of strength
HPRegen 0.26/turn    f - +4 ring of slaying
MPRegen 0.17/turn

%: no passive effects
@: lethally poisoned (0 -> -10), slowed, very slow
A: no striking features
a: no special abilities


You were on level 5 of the Dungeon.
You visited 2 branches of the dungeon, and saw 6 of its levels.

You collected 189 gold pieces.

Inventory:

Hand Weapons
 m - a +2 dagger of venom (weapon)
 n - a +0 rapier
Missiles
 j - 3 throwing nets
Armour
 a - a +0 robe (worn)
 e - a +1 helmet (worn)
 k - a +1 pair of gloves (worn)
Jewellery
 f - a +4 ring of slaying (right hand)
 s - a +6 ring of strength (left hand)
 t - a ring of magical power
Wands
 g - a wand of flame (17)
 o - a wand of paralysis (14)
 r - a wand of iceblast (13)
Scrolls
 c - a scroll of teleportation
 h - 2 scrolls of identify
Potions
 b - a potion of magic
 d - a potion of curing {unknown}
 p - 2 potions of enlightenment


   Skills:
 + Level 3.8 Dodging
 - Level 5.0 Stealth
 + Level 9.1 Spellcasting
 + Level 5.8 Necromancy


You had 19 spell levels left.
You knew the following spells:

 Your Spells              Type           Power      Damage    Failure   Level
a - Necrotise             Necr           100%       1d9       1%          1
E - Animate Dead          Necr           35%        N/A       6%          4

Your spell library contained the following spells:

 Spells                   Type           Power      Damage    Failure   Level
 Vampiric Draining        Necr           35%        2d8       1%          3
 Shock                    Conj/Air       40%        1d5       7%          1
 Lesser Beckoning         Tloc           20%        N/A       10%         2
 Agony                    Necr           35%        N/A       17%         5
 Gell's Gravitas          Tloc           10%        N/A       21%         3
 Swiftness                Air            10%        N/A       21%         3
 Teleport Other           Tloc           10%        N/A       21%         3
 Airstrike                Air            5%         2d(1-17)  54%         4


Dungeon Overview and Level Annotations

Branches:
Dungeon (5/15)             Temple (1/1) D:4

Altars:
Ashenzari
Cheibriados
Elyvilon
Fedhas
Gozag
Hepliaklqana
Nemelex Xobeh
Qazlal
Ru
Xom
Yredelemnul
Zin
The Shining One

Shops:
D:1 ?=(?


Message History

A kobold brigand is wielding a +0 dagger and quivering poisoned darts.
A kobold brigand is wielding a +0 club and quivering curare-tipped darts.
A kobold brigand is wielding a +0 short sword and quivering poisoned darts.
A kobold brigand is wielding a +0 dagger and quivering poisoned darts.
A kobold brigand is wielding a +0 dagger and quivering curare-tipped darts.
A kobold brigand is wielding a +0 dagger and quivering poisoned darts.
A kobold brigand is wielding a +0 whip and quivering poisoned darts.
The kobold brigand shouts! x5
The kobold brigand throws a curare-tipped dart.
The curare-tipped dart hits you.
You are poisoned.
You have difficulty breathing.
You feel yourself slow down.
Found five items.
There are monsters nearby!
There are monsters nearby!
Unknown command.
You close the door.
You feel very sick.
A kobold brigand opens the door.
You feel very sick.
The kobold brigand throws a poisoned dart.
The poisoned dart closely misses you.
The kobold brigand throws a curare-tipped dart.
The curare-tipped dart misses you.
You feel sick.
The kobold brigand throws a curare-tipped dart.
The curare-tipped dart barely misses you.
The kobold brigand throws a curare-tipped dart.
The curare-tipped dart misses you.
You feel sick.
You swap places.
You feel sick.
The kobold brigand throws a curare-tipped dart.
The curare-tipped dart hits your gnoll zombie.
You feel sick. Something hits your gnoll zombie.
Your gnoll zombie is destroyed!
You feel sick.
You are no longer poisoned.
There is an open door here.
There's nothing to close nearby.
The kobold brigand throws a curare-tipped dart.
The curare-tipped dart hits you.
You are poisoned.
You have difficulty breathing.
* * * LOW HITPOINT WARNING * * *
You feel as though you will be slow longer.
You die...

.....÷####...####...##.# #.
)...KKK.K....÷..+.#.##.# ##
...÷÷K####...######.##.# ...÷÷
#.###K## #.##.# #..÷ #.# #K# #.##.#
### ### #.# #.### #..#.# #..
###.###'#.# ##.#.# #.. ##
#....##.#.## #.#.# #.. .#
#....##.@..#####.#.# #### .#
###....#####....##.#.####..[ .###
#...<...........##....##.... ...###
#.#....#####....####........
Z#...###.#....# #.......Z.#......
.###(.##.#....# #.....###.#......
.# ##.........# #.....# #.#.#Z...
## ##.#.....## #.....###........
Z#####...###..#########..##........


You could see 2 kobold brigands.

Vanquished Creatures
  A wyvern (D:4)
  An ice beast (D:5)
  2 scorpions (D:4)
  2 hounds (D:4)
  An orc priest (D:3)
  5 gnolls
  4 adders
  A white imp (D:4)
  4 dart slugs
  10 orcs
  3 ball pythons
  4 bats
  4 endoplasms
  5 giant cockroaches
  A gnoll zombie (D:5)
  6 goblins
  6 hobgoblins
  4 jackals (D:3)
  6 kobolds
  6 quokkas
  4 frilled lizards
  9 rats
89 creatures vanquished.

Vanquished Creatures (collateral kills)
  An ogre (D:5)
  A white imp (D:4)
  An ufetubus (D:4)
  A hobgoblin (D:4)
  A quokka (D:1)
  A kobold (D:4)
6 creatures vanquished.

Vanquished Creatures (others)
  2 gnoll zombies (D:5)
2 creatures vanquished.

Grand Total: 97 creatures vanquished

Notes
Turn   | Place    | Note
-------+----------+-------------------------------------------
     0 | D:1      | zero the Deep Elf Necromancer began the quest for the Orb.
     0 | D:1      | Reached XP level 1. HP: 10/10 MP: 6/6
    34 | D:1      | Found Tith's Magic Scroll Emporium.
   125 | D:1      | Reached skill level 5 in Necromancy
   191 | D:1      | Reached XP level 2. HP: 15/15 MP: 6/8
   388 | D:1      | Found Tiest's Weapon Emporium.
   501 | D:1      | Found Epofec's Jewellery Boutique.
   659 | D:1      | Found Qiacsuur's Magic Scroll Boutique.
   990 | D:1      | Reached skill level 4 in Spellcasting
   990 | D:1      | Reached XP level 3. HP: 19/19 MP: 7/10
  1160 | D:2      | Found a glowing silver altar of Zin.
  1652 | D:2      | Reached XP level 4. HP: 24/24 MP: 10/12
  2358 | D:3      | Reached skill level 5 in Spellcasting
  2645 | D:3      | Reached skill level 5 in Stealth
  2645 | D:3      | Reached XP level 5. HP: 28/28 MP: 9/14
  3083 | D:4      | Reached skill level 6 in Spellcasting
  3179 | D:4      | Found a staircase to the Ecumenical Temple.
  3192 | Temple   | Entered the Ecumenical Temple
  3209 | D:4      | Reached skill level 7 in Spellcasting
  3209 | D:4      | Reached XP level 6. HP: 20/32 MP: 10/18
  3470 | D:4      | Noticed a wyvern
  3475 | D:4      | Killed a wyvern
  3476 | D:4      | Reached skill level 8 in Spellcasting
  3575 | D:4      | Learned a level 4 spell: Animate Dead
  3575 | D:4      | Upgraded the game from 0.31-a0-408-gb642c7f9a3 to
                  | 0.31-a0-426-g3a05650e59
  3814 | D:4      | Reached XP level 7. HP: 36/36 MP: 18/21
  3993 | D:5      | Entered Level 5 of the Dungeon
  4083 | D:5      | Reached skill level 9 in Spellcasting
  4627 | D:5      | Found the +7 Throatcutter {drain, coup de grace}
  4637 | D:5      | Succumbed to a kobold brigand's curare-tipped dart

Illustrated notes

Levels and vault maps discovered:
D:1:      minmay_arrival_three_doors, layout_basic, serial_shops, shop,
          nicolae_shop_temple_entry_statues_fountains, shop, nicolae_shop_trees
D:2:      layout_loops_ring, basic_altar
D:3:      layout_loops_corners, serial_bayou_lagoon_a, st_stairs_2
D:4:      layout_rooms, minmay_temple_entry_crystal_x, minmay_small_thing
D:5:      layout_rooms, lemuel_doored_altar, dilly_guarded_unrand_throatcut
Temple:   nicolae_temple_bog_church

Skill      XL: |  1  2  3  4  5  6  7 |
---------------+----------------------+-----
Necromancy     | 5 |  5.8
Stealth        | 3 4 5 |  5.0
Spellcasting   | 4 5 7 8 9 |  9.1
Dodging        | 3 |  3.8

Action                     |  1- 3 |  4- 6 |  7- 9 || total
---------------------------+-------+-------+-------++-------
  Melee: Unarmed           |     1 |       |       ||     1
         Whip              |     7 |       |       ||     7
         Dagger            |     4 |    23 |    10 ||    37
   Cast: Necrotise         |    59 |    89 |    22 ||   170
         Animate Dead      |       |     1 |     1 ||     2
    Use: Scroll            |       |     8 |     5 ||    13
 Armour: Robe              |     5 |    13 |     6 ||    24
  Dodge: Dodged            |    13 |    31 |    12 ||    56

Table legend: (Time is in decaauts)
 A = Elapsed time spent in this place.
 B = Non-inter-level travel time spent in this place.
 C = Inter-level travel time spent in this place.
 D = Time resting spent in this place.
 E = Time spent auto-exploring this place.
 F = Levels seen in this place.
 G = Mean time per level.
                   A        B        C        D        E       F      G
               +--------+--------+--------+--------+--------+-----+--------+
         Total |   4648 |   4528 |    120 |    463 |   3431 |   6 |  774.7 |
       Dungeon |   4645 |   4526 |    119 |    463 |   3430 |   5 |  929.0 |
        Temple |      2 |      1 |      1 |      0 |      1 |   1 |    2.0 |
               +--------+--------+--------+--------+--------+-----+--------+

Top non-repeatable levels by time:
     D:3: 1180 daAuts
     D:1: 1042 daAuts
     D:4: 916 daAuts
     D:2: 858 daAuts
     D:5: 647 daAuts
  Temple: 2 daAuts
